 Dungeon Crawl Stone Soup version 0.22.1-1-ga44c0e5 (webtiles) character file.

1263 dvd the Thaumaturge (level 8, -3/41 HPs)
             Began as a Deep Elf Air Elementalist on Oct 15, 2018.
             Slain by an unseen horror (4 damage)
             ... on level 6 of the Dungeon.
             The game lasted 00:18:25 (6874 turns).

dvd the Thaumaturge (Deep Elf Air Elementalist)     Turns: 6874, Time: 00:18:26

Health: -3/41      AC:  4    Str:  5    XL:     8   Next: 27%
Magic:  6/22       EV: 14    Int: 23    God:
Gold:   272        SH:  0    Dex: 15    Spells: 10/23 levels left

rFire    + . .     SeeInvis .   g - +0 short sword
rCold    . . .     Gourm    .   (no shield)
rNeg     + . .     Faith    .   p - +0 robe {rN+}
rPois    .         Spirit   .   v - +0 helmet
rElec    .         Reflect  .   (no cloak)
rCorr    .         Harm     .   q - +0 pair of gloves
MR       .....                  (no boots)
Stlth    +++.......             (no amulet)
HPRegen  0.13/turn              e - ring of stealth
MPRegen  0.18/turn              a - ring of protection from fire

@: very slightly contaminated
A: no striking features
a: no special abilities


You were on level 6 of the Dungeon.
You were very hungry.

You visited 1 branch of the dungeon, and saw 6 of its levels.

You collected 272 gold pieces.

Inventory:

Hand Weapons
 g - a +0 short sword (weapon)
Armour
 p - a +0 robe of positive energy (worn)
 q - a +0 pair of gloves (worn)
 v - a +0 helmet (worn)
Jewellery
 a - a ring of protection from fire (right hand)
 e - a ring of stealth (left hand)
Wands
 i - a wand of iceblast (5)
 l - a wand of scattershot (5)
 s - a wand of random effects (22)
Scrolls
 b - 2 scrolls of magic mapping {unknown}
 d - 3 scrolls of remove curse {unknown}
 f - a scroll of blinking {unknown}
 n - 5 scrolls of teleportation {unknown}
 o - a scroll of immolation {unknown}
 r - 2 scrolls of enchant weapon {unknown}
 t - 3 scrolls of identify {unknown}
 u - a scroll of random uselessness {unknown}
 w - a scroll of vulnerability {unknown}
Potions
 h - 3 potions of curing {unknown}
 j - 4 potions of flight {unknown}
 k - a potion of mutation {unknown}
 m - 2 potions of might {unknown}
 x - a potion of resistance {unknown}
Comestibles
 c - 9 rations


   Skills:
 + Level 0.2 Fighting
 + Level 0.2 Short Blades
 + Level 3.8 Dodging
 + Level 3.1 Stealth
 + Level 8.4 Spellcasting
 + Level 4.5 Conjurations
 + Level 6.8 Air Magic


You had 10 spell levels left.
You knew the following spells:

 Your Spells              Type           Power        Failure   Level  Hunger
a - Shock                 Conj/Air       ####         1%          1    None
b - Static Discharge      Conj/Air       #####...     1%          3    None
c - Airstrike             Air            #####.....   4%          4    ##.....
d - Lightning Bolt        Conj/Air       #####.....   19%         5    #####..

Your spell library contained the following spells:

 Spells                   Type           Power        Failure   Level  Hunger
 Swiftness                Chrm/Air       ####....     2%          2    None
 Sandblast                Erth           #.....       7%          1    None
 Stone Arrow              Conj/Erth      ###...       8%          3    None
 Passwall                 Tmut/Erth      #.......     10%         2    None
 Petrify                  Tmut/Erth      #.......     54%         4    ##.....
 Lee's Rapid Deconstruct  Erth           #.........   88%         5    #####..


Dungeon Overview and Level Annotations

Branches:
Dungeon (6/15)
 Temple: D:4-7

Altars:
Fedhas
Hepliaklqana
Makhleb
Nemelex Xobeh
Trog
Uskayaw
Wu Jian
Yredelemnul
Zin
The Shining One


Message History

Confirm with . or Enter, or press ? or * to list all spells.
Aiming: Lightning Bolt (quite dangerous; 19% risk of failure)
Press: ? - help, Shift-Dir - straight line You hear a mighty clap of thunder!
The bolt of lightning hits something.
You hear a shout!
Something hits you!
* * * LOW HITPOINT WARNING * * *
Something hits you.
* * * LOW HITPOINT WARNING * * *
Casting: Lightning Bolt (quite dangerous; 19% risk of failure)
Confirm with . or Enter, or press ? or * to list all spells.
Aiming: Lightning Bolt (quite dangerous; 19% risk of failure)
Press: ? - help, Shift-Dir - straight line You miscast Lightning Bolt.
You are very lightly contaminated with residual magic.
Nothing appears to happen.
You are feeling very hungry.
Something hits you.
You die...

#####....######...###.#
##.......##...#.#.# #.#
...#####......#.#. #.# ..
.### ###....#.#. #.## #.#
.# ######..<..## #..## ..
.. .............# ##..#
#.## .## ######......$##
##.#### #... .. #.....#.##.
#..>.# ##.. ..
.........#@##..#####.###...
.####...##.# #....##.....#.
.[..###.# #..........
#.######.######...#<..###
... .............#..# .#
#.#######.##..#.# #..#
##.###.#.# #####.. #..#
#...# ....##.####.## ###.#


There were no monsters in sight!

Vanquished Creatures
  2 ice beasts (D:5)
  An ogre (D:5)
  A wyvern skeleton (D:6)
  A scorpion (D:5)
  4 wights (D:6)
  A crimson imp (D:6)
  A bullfrog zombie (D:5)
  A jelly (D:6)
  2 orc priests (D:5)
  3 hounds
  4 orc wizards
  3 iguanas
  A worker ant (D:5)
  A killer bee zombie (D:6)
  4 adders
  A gnoll (D:1)
  4 shadow imps
  An ooze (D:1)
  4 worms
  A dart slug (D:1)
  8 leopard geckos
  32 orcs
  9 bats
  3 giant cockroaches
  11 hobgoblins
  7 jackals
  5 quokkas
  3 ball pythons
  5 frilled lizards
  8 goblins
  A jackal zombie (D:5)
  14 kobolds
  8 rats
155 creatures vanquished.

Notes
Turn   | Place    | Note
-------+----------+-------------------------------------------
     0 | D:1      | dvd the Deep Elf Air Elementalist began the quest for the
                  | Orb.
     0 | D:1      | Reached XP level 1. HP: 10/10 MP: 6/6
   145 | D:1      | Reached XP level 2. HP: 15/15 MP: 5/8
   327 | D:1      | Found a glowing silver altar of Zin.
   579 | D:1      | Reached XP level 3. HP: 19/19 MP: 6/9
   592 | D:1      | Learned a level 3 spell: Static Discharge
  1427 | D:2      | Reached XP level 4. HP: 24/24 MP: 5/11
  1433 | D:2      | Learned a level 4 spell: Airstrike
  2262 | D:3      | Reached skill level 4 in Spellcasting
  2352 | D:3      | Found a hide-covered altar of Uskayaw.
  2357 | D:3      | Found an ornate altar of the Wu Jian Council.
  2360 | D:3      | Found a glowing silver altar of Zin.
  2363 | D:3      | Found a hazy altar of Hepliaklqana.
  2412 | D:3      | Found a burning altar of Makhleb.
  2416 | D:3      | Reached XP level 5. HP: 20/28 MP: 4/14
  2871 | D:3      | Reached skill level 5 in Spellcasting
  3168 | D:3      | Found a basalt altar of Yredelemnul.
  3172 | D:3      | Noticed a profane servitor
  3206 | D:3      | Found a glowing golden altar of the Shining One.
  3517 | D:3      | Noticed an angel
  4003 | D:4      | Found a sparkling altar of Nemelex Xobeh.
  4106 | D:4      | Reached XP level 6. HP: 26/32 MP: 3/16
  4410 | D:5      | Entered Level 5 of the Dungeon
  4456 | D:5      | Reached skill level 5 in Air Magic
  4548 | D:5      | Reached skill level 6 in Spellcasting
  4948 | D:5      | Learned a level 5 spell: Lightning Bolt
  5062 | D:5      | Reached XP level 7. HP: 36/36 MP: 10/18
  5320 | D:5      | Found a bloodstained altar of Trog.
  5697 | D:5      | Reached skill level 7 in Spellcasting
  6274 | D:6      | Found a blossoming altar of Fedhas.
  6474 | D:6      | Reached XP level 8. HP: 37/41 MP: 13/21
  6478 | D:6      | Reached skill level 8 in Spellcasting
  6873 | D:6      | HP: 1/41 [something (3)]
  6874 | D:6      | Slain by an unseen horror

Skill      XL: |  1  2  3  4  5  6  7  8 |
---------------+-------------------------+-----
Air Magic      | 4 5 6 |  6.8
Conjurations   | 2 3 4 |  4.5
Spellcasting   | 4 5 6 7 8 |  8.4
Dodging        | 3 |  3.8
Stealth        | 3 |  3.1
Fighting       | |  0.2
Short Blades   | |  0.2

Action                   |  1- 3 |  4- 6 |  7- 9 || total
-------------------------+-------+-------+-------++-------
Melee: Short sword       |     1 |     3 |     1 ||     5
 Cast: Shock             |    86 |   141 |    51 ||   278
       Static Discharge  |     1 |    17 |    18 ||    36
       Airstrike         |       |     4 |    14 ||    18
       Lightning Bolt    |       |       |     2 ||     2
 Stab: Sleeping          |       |     1 |       ||     1
  Eat: Chunk             |     1 |    13 |     6 ||    20
Armor: Robe              |     7 |     3 |     2 ||    12
Dodge: Dodged            |     9 |    19 |    26 ||    54
